 Dungeon Crawl Stone Soup version 0.17-a0-1805-g6093636 (webtiles) character file.

5089 4thArraOfDagon the Grappler (level 10, -6/100 HPs)
             Began as a Troll Monk on Sept 12, 2015.
             Was a Priest of Cheibriados.
             Mangled by a white ugly thing (25 damage)
             ... on level 9 of the Dungeon.
             The game lasted 00:18:27 (4187 turns).

4thArraOfDagon the Grappler (Troll Monk)            Turns: 4187, Time: 00:18:27

Health: -6/100     AC:  5    Str: 27    XL:     10   Next: 31%
Magic:  10/10      EV: 15    Int: 15    God:    Cheibriados [***...]
Gold:   338        SH:  0    Dex: 18    Spells: 0 memorised, 9 levels left

rFire  . . .     SeeInvis .       - Unarmed
rCold  . . .     Clarity  .     y - +0 robe
rNeg   + + .     SustAt   .     (no shield)
rPois  .         Gourm    +     (helmet restricted)
rElec  .         Spirit   .     (no cloak)
rCorr  .         Warding  .     (gloves unavailable)
rMut   .         Stasis   .     (boots unavailable)
MR     .....                    (no amulet)
Stlth  ++........               q - ring of positive energy
                                i - ring of positive energy

@: very slow, not resistant to hostile enchantments, unstealthy
A: unfitting armour, antennae 2, claws 3, blurry vision 1, fast metabolism 3,
gourmand, regeneration 2, shaggy fur 1, tough skin 2
a: Bend Time, Temporal Distortion, Renounce Religion


You were on level 9 of the Dungeon.
You worshipped Cheibriados.
Cheibriados was most pleased with you.
You were very full.

You visited 2 branches of the dungeon, and saw 11 of its levels.

You collected 338 gold pieces.

Inventory:

Hand weapons
 j - a +0 blowgun
Armour
 y - a +0 robe (worn)
Jewellery
 i - a ring of positive energy (left claw)
 l - an uncursed ring of fire
 q - a ring of positive energy (right claw)
 x - an uncursed amulet of stasis
Magical devices
 a - a wand of paralysis (0)
 o - a wand of polymorph (4)
 B - a wand of flame (35)
Scrolls
 d - a scroll of amnesia {unknown}
 f - 3 scrolls of recharging
 r - 3 scrolls of teleportation
 s - a scroll of random uselessness {unknown}
 t - a scroll of enchant armour {unknown}
 w - a scroll of remove curse
 z - a scroll of immolation {unknown}
Potions
 e - a potion of haste
 g - 5 potions of curing
 k - a potion of resistance
 m - 3 potions of might
 n - a potion of degeneration
 p - 2 potions of heal wounds
 v - a potion of cancellation
Comestibles
 b - 7 bread rations
 c - a meat ration
 h - a beef jerky
 u - a slice of pizza
 A - 3 fruits


   Skills:
 + Level 6.6 Fighting
 + Level 7.0 Dodging
 - Level 1.1 Stealth
 * Level 11.2 Unarmed Combat
 + Level 2.1 Invocations


You had 9 spell levels left.
You didn't know any spells.

Dungeon Overview and Level Annotations

Branches:
Dungeon (10/15)            Temple (1/1) D:6            Lair (0/8) D:10
    Orc: D:9-12

Altars:
Ashenzari
Cheibriados
Dithmenos
Elyvilon
Fedhas
Gozag
Kikubaaqudgha
Makhleb
Nemelex Xobeh
Okawaru
Qazlal
Ru
Sif Muna
Trog
Vehumet
Xom
Yredelemnul
Zin
The Shining One

Annotations:
D:4 Dowan
D:7 Gorice's ghost, experienced OpIE
D:9 Gastronok


Innate Abilities, Weirdness & Mutations

You are too large for most types of armour.
You have claws for hands.
Your metabolism is lightning-fast.
You like to eat raw meat.
You heal very quickly.
You are covered in fur (AC +1).
You have very tough skin (AC +2).
You have a pair of antennae on your head.
Scrolls take you a little longer to read.


Message History

The white ugly thing misses you.
You closely miss the white ugly thing.
The white ugly thing is moderately wounded.
You claw the white ugly thing!
The white ugly thing is heavily wounded.
The white ugly thing headbutts you! The white ugly thing freezes you!!
* * * LOW HITPOINT WARNING * * *
You are too injured to fight recklessly!
You are too injured to fight recklessly!
You are too injured to fight recklessly!
You claw the white ugly thing!
The white ugly thing is heavily wounded.
The white ugly thing completely misses you.
Unknown command.
You mangle the white ugly thing!!
The white ugly thing is almost dead.
The white ugly thing headbutts you.
* * * LOW HITPOINT WARNING * * *
The white ugly thing freezes you!!
You die...

..# .# #..#
#.# #..# ..#
#..# #.# ..#
..# #..# #..#
#.# #..# #..#
#.# #..# #..#
#.# #..# #..#
#.# #..# #..#
#.# #.u# #..#
#)# #.@# #.)#
#.#
#..###..###.#
#...........#
#############


You could see a white ugly thing.

Vanquished Creatures
  Pikel (D:4)
  A hill giant (D:10)
  Psyche (D:9)
  2 trolls
  Grinder (D:4)
  Sigmund (D:4)
  A hippogriff (D:9)
  A vampire (D:8)
  4 yaks (D:8)
  A phantom (D:8)
  3 orc warriors
  3 ogres
  3 centaurs
  5 giant frogs
  A scorpion (D:6)
  4 crimson imps
  4 wights (D:8)
  2 giant frog skeletons
  A giant frog zombie (D:9)
  A centaur zombie (D:9)
  4 orc wizards
  2 iguanas
  6 orc priests
  6 worker ants
  Robin (D:4)
  3 gnolls
  5 adders
  An adder zombie (D:7)
  2 giant geckos
  32 orcs
  3 ball pythons
  6 bats
  4 hobgoblins
  3 jackals (D:2)
  A quokka (D:7)
  5 giant cockroaches
  5 giant newts
  12 goblins
  A kobold (D:1)
  4 rats
147 creatures vanquished.

Notes
Turn   | Place    | Note
--------------------------------------------------------------
     0 | D:1      | 4thArraOfDagon the Troll Monk began the quest for the Orb.
     0 | D:1      | Reached XP level 1. HP: 22/22 MP: 0/0
   149 | D:2      | Reached XP level 2. HP: 26/29 MP: 1/1
   261 | D:4      | Noticed Robin
   292 | D:4      | Noticed Sigmund
   322 | D:4      | Killed Sigmund
   322 | D:4      | Reached skill level 5 in Unarmed Combat
   322 | D:4      | Reached XP level 3. HP: 16/37 MP: 2/2
   322 | D:4      | Reached XP level 4. HP: 19/45 MP: 3/3
   322 | D:4      | Reached XP level 5. HP: 22/53 MP: 4/4
   348 | D:4      | Killed Robin
   451 | D:4      | Reached XP level 6. HP: 40/61 MP: 5/5
   501 | D:5      | Entered Level 5 of the Dungeon
   625 | D:6      | Reached skill level 6 in Unarmed Combat
   789 | D:7      | Found a burning altar of Makhleb.
   810 | D:7      | Reached XP level 7. HP: 63/68 MP: 6/6
   908 | D:6      | Found a staircase to the Ecumenical Temple.
   917 | Temple   | Entered the Ecumenical Temple
   969 | D:7      | Reached skill level 7 in Unarmed Combat
  1010 | D:7      | Noticed Gorice's ghost (experienced OpIE)
  1104 | D:9      | Noticed Gastronok
  1491 | D:6      | Gained mutation: You have a pair of small antennae on your head. [potion of mutation]
  1491 | D:6      | Gained mutation: Scrolls take you a little longer to read. [potion of mutation]
  1491 | D:6      | Gained mutation: You have a pair of antennae on your head. [potion of mutation]
  1592 | D:5      | Reached XP level 8. HP: 77/79 MP: 7/7
  1732 | D:4      | Found a basalt altar of Yredelemnul.
  1750 | D:4      | Noticed Dowan
  1801 | D:4      | Noticed Grinder
  1811 | D:4      | Paralysed by Grinder for 3 turns
  1819 | D:4      | Killed Grinder
  1819 | D:4      | Reached skill level 5 in Dodging
  1819 | D:4      | Reached skill level 8 in Unarmed Combat
  1916 | D:4      | Noticed Pikel
  1916 | D:4      | Noticed a slave
  1917 | D:4      | Noticed a slave
  1917 | D:4      | Noticed a slave
  1918 | D:4      | Noticed a slave
  1928 | D:4      | Killed Pikel
  1928 | D:4      | Reached skill level 5 in Fighting
  1928 | D:4      | Reached skill level 9 in Unarmed Combat
  2117 | D:7      | Found a bloodstained altar of Trog.
  2232 | D:10     | Entered Level 10 of the Dungeon
  2242 | D:10     | Reached XP level 9. HP: 85/88 MP: 8/8
  2247 | D:10     | Noticed a hill giant
  2259 | D:10     | Killed a hill giant
  2269 | D:10     | Found a staircase to the Lair.
  2278 | D:10     | Found a bloodstained altar of Trog.
  2398 | D:9      | Noticed a troll
  2419 | D:9      | Killed a troll
  2532 | D:9      | Noticed Psyche
  2645 | D:9      | Reached skill level 10 in Unarmed Combat
  2649 | D:9      | Paralysed by something for 5 turns
  2656 | D:9      | Killed Psyche
  3256 | D:2      | Found a radiant altar of Vehumet.
  3552 | D:2      | Found a deep blue altar of Sif Muna.
  3558 | D:2      | Found a shimmering altar of Xom.
  3563 | D:2      | Found a snail-covered altar of Cheibriados.
  3566 | D:2      | Became a worshipper of Cheibriados the Contemplative
  3566 | D:2      | Acquired Cheibriados's first power
  3884 | D:8      | Noticed a vampire
  3908 | D:8      | Killed a vampire
  3919 | D:8      | Noticed a troll
  3928 | D:8      | Reached XP level 10. HP: 36/100 MP: 9/9
  3932 | D:8      | Killed a troll
  3932 | D:8      | Reached skill level 1 in Invocations
  4048 | D:8      | Reached skill level 11 in Unarmed Combat
  4064 | D:8      | Noticed a yak
  4065 | D:8      | Noticed a yak
  4065 | D:8      | Noticed a yak
  4066 | D:8      | Noticed a yak
  4086 | D:8      | Killed a yak
  4090 | D:8      | Killed a yak
  4093 | D:8      | Killed a yak
  4097 | D:8      | Killed a yak
  4153 | D:8      | Acquired Cheibriados's second power
  4177 | D:9      | Noticed a white ugly thing
  4187 | D:9      | Mangled by a white ugly thing

Vault maps used:
D:1:      dpeg_arrival_leaves_temple_mockup, minmay_door_square, minivault_23,
          st_stairs_2
D:2:      nicolae_overflow_crystal_walls, minitemple
D:3:      first_bread, minmay_stone_trees_large
D:4:      old_standard_altar, uniq_robin, uniq_grinder, uniq_pikel,
          uniq_sigmund, uniq_duvessa
D:6:      minmay_temple_entry_statues_fountains, sigmund_army
D:7:      kennysheep_mini, old_standard_altar
D:8:      hangedman_cross_stitches, grunt_livestock
D:9:      eino_jars, uniq_psyche, uniq_gastronok
D:10:     lair_0_dummy, minmay_orc_entry_guard_dogs, basic_altar
Temple:   circular_temple_12

Action                   |  1- 3 |  4- 6 |  7- 9 | 10-12 || total
-------------------------+-------+-------+-------+-------++-------
Melee: Unarmed           |    47 |    72 |   349 |    57 ||   525
Evoke: Wand              |       |       |     8 |     4 ||    12
  Use: Scroll            |     1 |     1 |    13 |     1 ||    16
       Potion            |       |       |     1 |       ||     1
 Stab: Sleeping          |       |       |     1 |       ||     1
       Paralysed         |       |       |     5 |     3 ||     8
       Invisible         |       |       |     1 |       ||     1
       Confused          |       |       |       |     4 ||     4
  Eat: Chunk             |     6 |     6 |    28 |       ||    40
